Islanders vs Flyers
Created - April 17, 2024 at 20:40
Goals
|
| Islanders |
0 |
3 |
1 |
4 |
| Flyers |
2 |
0 |
0 |
2 |
|
Shots
|
| Islanders |
8 |
12 |
11 |
31 |
| Flyers |
13 |
10 |
12 |
35 |
|
1st period
1. Flyers , Brock Nelson 5 (Travis Zajac 10, Jacob Trouba 21) at 3:30
2. Flyers , Nathan Beaulieu 9 (Jacob Trouba 22, Nick Ritchie 38) at 12:00 (PP)
Penalties :
Anze Kopitar (NyI) for Hooking (Minor) at 7:21, Brayden McNabb (NyI) for High sticking (Minor) at 10:31, Jason Akeson (NyI) for Slashing (Minor) at 17:50
2nd period
3. Islanders , Vladimir Tarasenko 49 (Brayden Schenn 43, Kellan Lain 24) at 5:37 (PP)
4. Islanders , Anze Kopitar 16 (Jason Akeson 12, Brock McGinn 23) at 6:45
5. Islanders , Nikita Zadorov 3 (Melker Karlsson 23) at 12:59
Penalties :
Brayden McNabb (NyI) for Hooking (Minor) at 0:40, Blake Heinrich (Phi) for Tripping (Minor) at 5:32, Ryan Ellis (NyI) for Tripping (Minor) at 13:28, Ryan Ellis (NyI) for Tripping (Minor) at 19:30
3rd period
6. Islanders , Brayden Schenn 32 (Vladimir Tarasenko 47, Brayden McNabb 8) at 8:35
Penalties :
Michael Latta (NyI) for Holding (Minor) at 12:03, Brock McGinn (NyI) for Hooking (Minor) at 15:51
Goalie Stats
Tyler Weiman (NyI), 33 saves from 35 shots - (0.943), W, 29-18-4, 60:00 minutes
Steve Mason (Phi), 27 saves from 31 shots - (0.871), L, 22-28-4, 60:00 minutes
Players Stats for Islanders
Player Name G A P +/- PIM S H SB GA TA FO MP PP MP PK MP
------------------------------------------------------------------------------------
Adam Fox 0 0 0 0 0 2 0 1 0 1 0/0 10:40 0:00 0:00
Anze Kopitar 1 0 1 1 2 2 2 0 0 0 6/21 16:52 0:00 5:31
Brayden McNabb 0 1 1 3 4 1 1 2 1 2 0/0 22:13 0:00 6:33
Brayden Schenn 1 1 2 0 0 2 1 0 0 1 15/36 23:47 0:05 8:23
Brock McGinn 0 1 1 1 2 2 3 1 1 0 1/1 16:49 0:00 5:32
Dylan McIlrath 0 0 0 0 0 0 2 1 0 1 0/0 13:16 0:00 2:29
Emerson Etem 0 0 0 0 0 1 0 0 0 0 0/1 11:24 0:00 1:39
Garnet Hathaway 0 0 0 0 0 2 3 0 1 0 0/0 9:30 0:00 0:00
James Livingstone 0 0 0 1 0 2 0 0 0 0 0/0 8:22 0:00 0:00
Jason Akeson 0 1 1 1 2 0 1 0 0 0 0/0 10:34 0:00 0:00
Kellan Lain 0 1 1 0 0 1 1 0 0 0 0/2 23:15 0:05 8:02
Melker Karlsson 0 1 1 1 0 3 0 0 1 0 1/5 9:20 0:00 0:58
Michael Latta 0 0 0 0 2 2 0 0 0 0 2/6 10:16 0:00 0:21
Nikita Zadorov 1 0 1 3 0 3 0 2 0 2 0/0 20:43 0:00 5:41
Ryan Ellis 0 0 0 -1 4 1 1 3 1 1 0/0 24:57 0:05 6:20
Sergei Plotnikov 0 0 0 1 0 3 2 1 0 0 1/1 8:42 0:00 0:18
Vladimir Tarasenko 1 1 2 0 0 4 1 1 0 0 1/1 15:13 0:05 0:00
Yann Sauvé 0 0 0 -1 0 0 1 5 0 2 0/0 28:37 0:05 9:41
Players Stats for Flyers
Player Name G A P +/- PIM S H SB GA TA FO MP PP MP PK MP
------------------------------------------------------------------------------------
Blake Heinrich 0 0 0 0 2 0 0 1 0 0 0/0 9:58 0:00 0:00
Brian Lashoff 0 0 0 -2 0 0 0 1 0 2 0/0 20:24 4:54 0:00
Brock Nelson 1 0 1 -1 0 1 0 0 0 0 0/0 7:08 0:00 0:00
Calle Jarnkrok 0 0 0 -1 0 0 0 2 1 0 4/9 12:48 0:19 0:00
Ivan Provorov 0 0 0 -2 0 2 0 2 0 2 0/0 20:24 4:54 0:00
Jacob Trouba 0 2 2 0 0 5 0 0 2 0 0/0 29:37 10:28 0:05
Jake Dotchin 0 0 0 0 0 0 0 0 0 0 0/0 9:59 0:00 0:00
Jakub Voracek 0 0 0 0 0 3 1 0 2 0 1/1 22:27 9:01 0:00
Jeff Carter 0 0 0 0 0 1 2 0 1 0 16/23 17:42 6:12 0:00
Jordan Nolan 0 0 0 0 0 8 1 1 0 0 20/33 22:25 8:53 0:05
Kasperi Kapanen 0 0 0 0 0 0 1 0 2 1 1/1 17:42 6:12 0:00
Max Pacioretty 0 0 0 0 0 1 1 0 0 0 2/2 17:42 6:12 0:00
Michael Bournival 0 0 0 -1 0 0 0 0 0 0 0/0 12:28 0:00 0:00
Nathan Beaulieu 1 0 1 0 0 3 0 1 1 0 0/0 29:37 10:28 0:05
Nick Ritchie 0 1 1 0 0 5 3 0 1 0 0/0 22:24 8:52 0:05
Niclas Bergfors 0 0 0 -1 0 3 0 0 0 0 0/0 12:53 0:25 0:00
Travis Konecny 0 0 0 -1 0 1 0 0 0 0 0/1 7:08 0:00 0:00
Travis Zajac 0 1 1 -1 0 2 0 0 0 0 3/4 7:08 0:00 0:00
3 Stars
1 - Nikita Zadorov (NyI)
2 - Vladimir Tarasenko (NyI)
3 - Brayden Schenn (NyI)
Power Play
Islanders - 1 on 1 Attempt(s) - 100.00%
Flyers - 1 on 8 Attempt(s) - 12.50%
Penalty Kill
Islanders - 7 on 8 Attempt(s) - 87.50%
- Score 0 goal in Penalty Kill
Flyers - 0 on 1 Attempt(s) - 0.00%
- Score 0 goal in Penalty Kill
Team Stat
Islanders - Hits : 19 - Faceoff Wins : 27 - Blocked Shots : 17 - Penalty Minutes : 16
Flyers - Hits : 9 - Faceoff Wins : 47 - Blocked Shots : 8 - Penalty Minutes : 2
Official
Referees : Kendrick Nicholson and Pierre Lambert
Linesman : Brandon Gawryletz and Ryan Galloway
Game Notes
No Game Note
Finance
Level 1 -- Attendance: 6000 (100.00%) -- Ticket Income $600,000
Level 2 -- Attendance: 5000 (100.00%) -- Ticket Income $300,000
Level 3 -- Attendance: 1999 (99.95%) -- Ticket Income $69,965
Level 4 -- Attendance: 3856 (96.40%) -- Ticket Income $96,400
Luxury Box -- Attendance: 1000 (100.00%) -- Ticket Income $200,000
Game was played at the Wells Fargo Center.
Total Attendance: 17855 (99.19%)
Total Ticket Income: $1,266,365
Other Income: $189,955
Total Income: $1,456,320
Islanders
5 vs 5 Forward
Center Left Wing Right Wing Time % Phy DF OF
1 Brayden Schenn Kellan Lain Vladimir Tarasenko 40 1 2 2
2 Anze Kopitar Brock McGinn Jason Akeson 30 1 2 2
3 Michael Latta Emerson Etem Garnet Hathaway 20 1 2 2
4 Melker Karlsson Sergei Plotnikov James Livingstone 10 1 2 2
5 vs 5 Defense
Defense Defense Time % Phy DF OF
1 Ryan Ellis Yann Sauvé 40 1 2 2
2 Nikita Zadorov Brayden McNabb 30 1 2 2
3 Dylan McIlrath Adam Fox 20 1 2 2
4 Ryan Ellis Yann Sauvé 10 1 2 2
PowerPlay Forward
Center Left Wing Right Wing Time % Phy DF OF
1 Brayden Schenn Kellan Lain Vladimir Tarasenko 60 1 2 2
2 Anze Kopitar Brock McGinn Jason Akeson 40 1 2 2
PowerPlay Defense
Defense Defense Time % Phy DF OF
1 Ryan Ellis Yann Sauvé 60 1 2 2
2 Nikita Zadorov Brayden McNabb 40 1 2 2
Penalty Kill 4 Players Forward
Center Wing Time % Phy DF OF
1 Brayden Schenn Kellan Lain 60 1 2 2
2 Anze Kopitar Brock McGinn 40 1 2 2
Penalty Kill 4 Players Defense
Defense Defense Time % Phy DF OF
1 Ryan Ellis Yann Sauvé 60 1 2 2
2 Nikita Zadorov Brayden McNabb 40 1 2 2
Penalty Kill - 3 Players Forward
Forward Time % Phy DF OF
1 Brayden Schenn 60 1 2 2
2 Anze Kopitar 40 1 2 2
Penalty Kill - 3 Players Defense
Defense Defense Time % Phy DF OF
1 Ryan Ellis Yann Sauvé 60 1 2 2
2 Nikita Zadorov Brayden McNabb 40 1 2 2
4 vs 4 Forward
Center Wing Time % Phy DF OF
1 Brayden Schenn Kellan Lain 60 1 2 2
2 Anze Kopitar Brock McGinn 40 1 2 2
4 vs 4 Defense
Defense Defense Time % Phy DF OF
1 Ryan Ellis Yann Sauvé 60 1 2 2
2 Nikita Zadorov Brayden McNabb 40 1 2 2
Last Minutes Offensive
Center Left Wing Right Wing Defense Defense
Brayden Schenn Kellan Lain Vladimir Tarasenko Ryan Ellis Yann Sauvé
Last Minutes Defensive
Center Left Wing Right Wing Defense Defense
Brayden Schenn Kellan Lain Vladimir Tarasenko Ryan Ellis Yann Sauvé
Goaltenders
Starting : Tyler Weiman
Backup : Joonas Korpisalo
Extra Forwards
Normal : Brock McGinn, Emerson Etem, Michael Latta - PP : Brock McGinn, Emerson Etem - PK : Brock McGinn
Extra Defensemen
Normal : Brayden McNabb, Dylan McIlrath, Adam Fox - PP : Brayden McNabb - PK : Brayden McNabb, Dylan McIlrath
Penalty Shots
Vladimir Tarasenko, Brayden Schenn, Anze Kopitar, Kellan Lain, Brock McGinn
Custom OT Lines Forwards
Vladimir Tarasenko, Brayden Schenn, Anze Kopitar, Kellan Lain, Brock McGinn, Emerson Etem, Michael Latta, Jason Akeson, Melker Karlsson, Garnet Hathaway
Custom OT Lines Defensemen
Ryan Ellis, Yann Sauvé, Nikita Zadorov, Brayden McNabb, Dylan McIlrath
Scratches
Andrew Shaw (Healthy), Ben Johnson (Healthy), Gabriel Carlsson (Healthy), Jason Spezza (Right Foot Injury)
Flyers
5 vs 5 Forward
Center Left Wing Right Wing Time % Phy DF OF
1 Jordan Nolan Nick Ritchie Jakub Voracek 40 1 2 2
2 Jeff Carter Max Pacioretty Kasperi Kapanen 30 1 2 2
3 Calle Jarnkrok Michael Bournival Niclas Bergfors 20 1 2 2
4 Travis Zajac Brock Nelson Travis Konecny 10 1 2 2
5 vs 5 Defense
Defense Defense Time % Phy DF OF
1 Jacob Trouba Nathan Beaulieu 40 1 2 2
2 Brian Lashoff Ivan Provorov 30 1 2 2
3 Jake Dotchin Blake Heinrich 20 1 2 2
4 Jacob Trouba Nathan Beaulieu 10 1 2 2
PowerPlay Forward
Center Left Wing Right Wing Time % Phy DF OF
1 Jordan Nolan Nick Ritchie Jakub Voracek 60 1 2 2
2 Jeff Carter Max Pacioretty Kasperi Kapanen 40 1 2 2
PowerPlay Defense
Defense Defense Time % Phy DF OF
1 Jacob Trouba Nathan Beaulieu 60 1 2 2
2 Brian Lashoff Ivan Provorov 40 1 2 2
Penalty Kill 4 Players Forward
Center Wing Time % Phy DF OF
1 Jordan Nolan Nick Ritchie 60 1 2 2
2 Jakub Voracek Jeff Carter 40 1 2 2
Penalty Kill 4 Players Defense
Defense Defense Time % Phy DF OF
1 Jacob Trouba Nathan Beaulieu 60 1 2 2
2 Brian Lashoff Ivan Provorov 40 1 2 2
Penalty Kill - 3 Players Forward
Forward Time % Phy DF OF
1 Jordan Nolan 60 1 2 2
2 Nick Ritchie 40 1 2 2
Penalty Kill - 3 Players Defense
Defense Defense Time % Phy DF OF
1 Jacob Trouba Nathan Beaulieu 60 1 2 2
2 Brian Lashoff Ivan Provorov 40 1 2 2
4 vs 4 Forward
Center Wing Time % Phy DF OF
1 Jordan Nolan Nick Ritchie 60 1 2 2
2 Jakub Voracek Jeff Carter 40 1 2 2
4 vs 4 Defense
Defense Defense Time % Phy DF OF
1 Jacob Trouba Nathan Beaulieu 60 1 2 2
2 Brian Lashoff Ivan Provorov 40 1 2 2
Last Minutes Offensive
Center Left Wing Right Wing Defense Defense
Jordan Nolan Nick Ritchie Jakub Voracek Jacob Trouba Nathan Beaulieu
Last Minutes Defensive
Center Left Wing Right Wing Defense Defense
Jordan Nolan Nick Ritchie Jakub Voracek Jacob Trouba Nathan Beaulieu
Goaltenders
Starting : Steve Mason
Backup : Ilya Sorokin
Extra Forwards
Normal : Niclas Bergfors, Calle Jarnkrok, Travis Zajac - PP : Niclas Bergfors, Calle Jarnkrok - PK : Travis Zajac
Extra Defensemen
Normal : Jake Dotchin, Blake Heinrich, Brian Lashoff - PP : Jake Dotchin - PK : Blake Heinrich, Brian Lashoff
Penalty Shots
Jordan Nolan, Nick Ritchie, Jakub Voracek, Jeff Carter, Max Pacioretty
Custom OT Lines Forwards
Jordan Nolan, Nick Ritchie, Jakub Voracek, Jeff Carter, Max Pacioretty, Kasperi Kapanen, Niclas Bergfors, Calle Jarnkrok, Travis Zajac, Travis Konecny
Custom OT Lines Defensemen
Jacob Trouba, Nathan Beaulieu, Brian Lashoff, Ivan Provorov, Jake Dotchin
Scratches
Cal Foote (Healthy)
% Time on Ice - Islanders
Lines # - Real PCT - Wanted PCT - Time Play
Normal Forward
1 - 35% - 40% - 15:44
2 - 25% - 30% - 10:57
3 - 21% - 20% - 9:30
4 - 19% - 10% - 8:22
Normal Defense
1 - 40% - 40% - 18:01
2 - 34% - 30% - 15:02
3 - 24% - 20% - 10:40
4 - 2% - 10% - 0:50
PP Forward
1 - 100% - 60% - 0:05
2 - 0% - 40% - 0:00
PP Defense
1 - 100% - 60% - 0:05
2 - 0% - 40% - 0:00
PK Forward
1 - 65% - 60% - 10:02
2 - 35% - 40% - 5:20
PK Defense
1 - 67% - 60% - 10:18
2 - 33% - 40% - 5:04
PK3 Forward
1 - 0% - 60%
2 - 0% - 40%
PK3 Defense
1 - 0% - 60%
2 - 0% - 40%
44 Forward
1 - 0% - 60%
2 - 0% - 40%
44 Defense
1 - 0% - 60%
2 - 0% - 40%
Last Minute Offensive - 0:00
Last Minute Defensive - 0:00
Total
Forward - 60:00
Defense - 60:00
|
% Time on Ice - Flyers
Lines # - Real PCT - Wanted PCT - Time Play
Normal Forward
1 - 30% - 40% - 13:27
2 - 26% - 30% - 11:30
3 - 28% - 20% - 12:28
4 - 16% - 10% - 7:08
Normal Defense
1 - 40% - 40% - 17:58
2 - 35% - 30% - 15:30
3 - 22% - 20% - 9:59
4 - 2% - 10% - 1:06
PP Forward
1 - 60% - 60% - 9:10
2 - 40% - 40% - 6:12
PP Defense
1 - 68% - 60% - 10:28
2 - 32% - 40% - 4:54
PK Forward
1 - 100% - 60% - 0:05
2 - 0% - 40% - 0:00
PK Defense
1 - 100% - 60% - 0:05
2 - 0% - 40% - 0:00
PK3 Forward
1 - 0% - 60%
2 - 0% - 40%
PK3 Defense
1 - 0% - 60%
2 - 0% - 40%
44 Forward
1 - 0% - 60%
2 - 0% - 40%
44 Defense
1 - 0% - 60%
2 - 0% - 40%
Last Minute Offensive - 0:00
Last Minute Defensive - 0:00
Total
Forward - 60:00
Defense - 60:00
|
Play-by-Play
1st period
0:01 of 1st period - Jordan Nolan wins face-off versus Brayden Schenn in neutral zone.
0:50 of 1st period - Calle Jarnkrok is hit by Yann Sauvé and loses puck.
2:22 of 1st period - Slapshot by Anze Kopitar.
2:22 of 1st period - Shot Misses the Net.
2:24 of 1st period - Slapshot by Adam Fox.
2:24 of 1st period - Stopped by Steve Mason with a rebound.
2:26 of 1st period - Slapshot by Adam Fox.
2:26 of 1st period - Stopped by Steve Mason with a rebound.
2:40 of 1st period - Backhand shot by Travis Konecny.
2:40 of 1st period - Stopped by Tyler Weiman without a rebound.
2:41 of 1st period - Brayden Schenn wins face-off versus Travis Zajac in Islanders zone.
2:50 of 1st period - Wrist shot by Brayden Schenn.
2:50 of 1st period - Shot Misses the Net.
3:30 of 1st period - Slapshot by Brock Nelson.
3:30 of 1st period - Goal by Brock Nelson - Islanders : 0 - Flyers : 1.
3:31 of 1st period - Jordan Nolan wins face-off versus Anze Kopitar in neutral zone.
4:22 of 1st period - Snap shot by Melker Karlsson.
4:22 of 1st period - Deflect By James Livingstone.
4:22 of 1st period - Shot Misses the Net.
4:22 of 1st period - Puck is out of play.
4:23 of 1st period - Calle Jarnkrok wins face-off versus Melker Karlsson in Flyers zone.
4:30 of 1st period - Backhand shot by Ivan Provorov.
4:30 of 1st period - Shot Blocked by Sergei Plotnikov.
4:53 of 1st period - Slapshot by Melker Karlsson.
4:53 of 1st period - Stopped by Steve Mason with a rebound.
4:59 of 1st period - Slapshot by Sergei Plotnikov.
4:59 of 1st period - Stopped by Steve Mason with a rebound.
5:01 of 1st period - Snap shot by James Livingstone.
5:01 of 1st period - Stopped by Steve Mason without a rebound.
5:02 of 1st period - Brayden Schenn wins face-off versus Jordan Nolan in Flyers zone.
5:09 of 1st period - Slapshot by Vladimir Tarasenko.
5:09 of 1st period - Shot Misses the Net.
5:43 of 1st period - Snap shot by Kasperi Kapanen.
5:43 of 1st period - Shot Blocked by Yann Sauvé.
6:01 of 1st period - Snap shot by Michael Latta.
6:01 of 1st period - Deflect By Emerson Etem.
6:01 of 1st period - Shot Blocked by Nathan Beaulieu.
6:01 of 1st period - Puck is out of play.
6:02 of 1st period - Travis Zajac wins face-off versus Brayden Schenn in Flyers zone.
6:02 of 1st period - Travis Zajac is hit by Kellan Lain.
6:08 of 1st period - Snap shot by Brayden Schenn.
6:08 of 1st period - Stopped by Steve Mason without a rebound.
6:09 of 1st period - Jordan Nolan wins face-off versus Brayden Schenn in Flyers zone.
6:22 of 1st period - Snap shot by Vladimir Tarasenko.
6:22 of 1st period - Shot Hit the Post.
6:51 of 1st period - Slapshot by Nick Ritchie.
6:51 of 1st period - Shot Blocked by Nikita Zadorov.
7:03 of 1st period - Slapshot by Nick Ritchie.
7:03 of 1st period - Stopped by Tyler Weiman with a rebound.
7:05 of 1st period - Snap shot by Nick Ritchie.
7:05 of 1st period - Stopped by Tyler Weiman with a rebound.
7:17 of 1st period - Snap shot by Nick Ritchie.
7:17 of 1st period - Stopped by Tyler Weiman without a rebound.
7:18 of 1st period - Jeff Carter wins face-off versus Anze Kopitar in Islanders zone.
7:19 of 1st period - Slapshot by Max Pacioretty.
7:19 of 1st period - Shot Misses the Net.
7:21 of 1st period - Minor Penalty to Anze Kopitar for Hooking.
7:22 of 1st period - Kasperi Kapanen wins face-off versus Brayden Schenn in Islanders zone.
9:21 of 1st period - Penalty to Anze Kopitar is over, Anze Kopitar is back on ice.
9:27 of 1st period - Wrist shot by Travis Konecny.
9:27 of 1st period - Shot Misses the Net.
9:29 of 1st period - Snap shot by Travis Zajac.
9:29 of 1st period - Shot Misses the Net.
9:31 of 1st period - Slapshot by Blake Heinrich.
9:31 of 1st period - Shot Misses the Net.
9:33 of 1st period - Snap shot by Travis Zajac.
9:33 of 1st period - Shot Blocked by Ryan Ellis.
9:35 of 1st period - Snap shot by Blake Heinrich.
9:35 of 1st period - Deflect By Brock Nelson.
9:35 of 1st period - Shot Blocked by Yann Sauvé.
9:35 of 1st period - Puck is out of play.
9:36 of 1st period - Anze Kopitar wins face-off versus Calle Jarnkrok in Islanders zone.
10:31 of 1st period - Minor Penalty to Brayden McNabb for High sticking.
10:32 of 1st period - Brayden Schenn wins face-off versus Jordan Nolan in Islanders zone.
11:14 of 1st period - Snap shot by Jordan Nolan.
11:14 of 1st period - Stopped by Tyler Weiman with a rebound.
11:16 of 1st period - Slapshot by Nathan Beaulieu.
11:16 of 1st period - Shot Blocked by Ryan Ellis.
11:46 of 1st period - Wrist shot by Jordan Nolan.
11:46 of 1st period - Shot Misses the Net.
11:48 of 1st period - Snap shot by Jakub Voracek.
11:48 of 1st period - Shot Blocked by Dylan McIlrath.
11:50 of 1st period - Snap shot by Jakub Voracek.
11:50 of 1st period - Stopped by Tyler Weiman with a rebound.
11:52 of 1st period - Slapshot by Jacob Trouba.
11:52 of 1st period - Shot Misses the Net.
11:54 of 1st period - Slapshot by Jakub Voracek.
11:54 of 1st period - Stopped by Tyler Weiman with a rebound.
11:56 of 1st period - Snap shot by Nick Ritchie.
11:56 of 1st period - Shot Misses the Net.
11:58 of 1st period - Snap shot by Jacob Trouba.
11:58 of 1st period - Stopped by Tyler Weiman with a rebound.
12:00 of 1st period - Slapshot by Nathan Beaulieu.
12:00 of 1st period - Goal by Nathan Beaulieu - Islanders : 0 - Flyers : 2.
12:01 of 1st period - Michael Latta wins face-off versus Jeff Carter in neutral zone.
12:39 of 1st period - Icing by Niclas Bergfors.
12:40 of 1st period - Brayden Schenn wins face-off versus Calle Jarnkrok in Flyers zone.
13:40 of 1st period - Off-side.
13:41 of 1st period - Jordan Nolan wins face-off versus Melker Karlsson in neutral zone.
14:40 of 1st period - Wrist shot by Brock Nelson.
14:40 of 1st period - Shot Misses the Net.
14:42 of 1st period - Snap shot by Blake Heinrich.
14:42 of 1st period - Shot Blocked by Yann Sauvé.
14:44 of 1st period - Snap shot by Travis Zajac.
14:44 of 1st period - Stopped by Tyler Weiman without a rebound.
14:45 of 1st period - Anze Kopitar wins face-off versus Jordan Nolan in Islanders zone.
14:52 of 1st period - Wrist shot by Anze Kopitar.
14:52 of 1st period - Stopped by Steve Mason with a rebound.
15:10 of 1st period - Brayden McNabb is hit by Jeff Carter.
15:55 of 1st period - Slapshot by Jacob Trouba.
15:55 of 1st period - Deflect By Travis Konecny.
15:55 of 1st period - Shot Hit the Post.
15:55 of 1st period - Puck is out of play.
15:56 of 1st period - Travis Zajac wins face-off versus Anze Kopitar in Islanders zone.
15:59 of 1st period - Snap shot by Travis Konecny.
15:59 of 1st period - Shot Blocked by Adam Fox.
16:01 of 1st period - Snap shot by Travis Zajac.
16:01 of 1st period - Stopped by Tyler Weiman without a rebound.
16:02 of 1st period - Brayden Schenn wins face-off versus Jordan Nolan in Islanders zone.
16:17 of 1st period - Wrist shot by Vladimir Tarasenko.
16:17 of 1st period - Stopped by Steve Mason with a rebound.
16:35 of 1st period - Snap shot by Brock McGinn.
16:35 of 1st period - Shot Misses the Net.
17:41 of 1st period - Slapshot by Niclas Bergfors.
17:41 of 1st period - Stopped by Tyler Weiman without a rebound.
17:42 of 1st period - Jordan Nolan wins face-off versus Anze Kopitar in Islanders zone.
17:50 of 1st period - Minor Penalty to Jason Akeson for Slashing.
17:51 of 1st period - Jordan Nolan wins face-off versus Brayden Schenn in Islanders zone.
18:33 of 1st period - Icing by Nathan Beaulieu.
18:34 of 1st period - Jeff Carter wins face-off versus Brayden Schenn in Flyers zone.
19:06 of 1st period - Brayden McNabb is hit by Kasperi Kapanen and loses puck.
19:27 of 1st period - Snap shot by Nick Ritchie.
19:27 of 1st period - Shot Misses the Net.
19:50 of 1st period - Penalty to Jason Akeson is over, Jason Akeson is back on ice.
Goals for this period are 0 for Islanders vs 2 for Flyers.
Shots for this period are 8 for Islanders vs 13 for Flyers.
2nd period
0:01 of 2nd period - Brayden Schenn wins face-off versus Jordan Nolan in neutral zone.
0:10 of 2nd period - Yann Sauvé is hit by Jakub Voracek and loses puck.
0:40 of 2nd period - Minor Penalty to Brayden McNabb for Hooking.
0:41 of 2nd period - Brayden Schenn wins face-off versus Jordan Nolan in Islanders zone.
1:37 of 2nd period - Snap shot by Kellan Lain.
1:37 of 2nd period - Deflect By Brock McGinn.
1:37 of 2nd period - Shot Misses the Net.
1:37 of 2nd period - Puck is out of play.
1:38 of 2nd period - Max Pacioretty wins face-off versus Anze Kopitar in Flyers zone.
2:40 of 2nd period - Penalty to Brayden McNabb is over, Brayden McNabb is back on ice.
3:37 of 2nd period - Wrist shot by Melker Karlsson.
3:37 of 2nd period - Shot Blocked by Jordan Nolan.
3:43 of 2nd period - Jakub Voracek is hit by Sergei Plotnikov and loses puck.
4:12 of 2nd period - Slapshot by Jacob Trouba.
4:12 of 2nd period - Stopped by Tyler Weiman with a rebound.
4:14 of 2nd period - Snap shot by Jacob Trouba.
4:14 of 2nd period - Stopped by Tyler Weiman without a rebound.
4:15 of 2nd period - Calle Jarnkrok wins face-off versus Anze Kopitar in Islanders zone.
4:30 of 2nd period - Slapshot by Calle Jarnkrok.
4:30 of 2nd period - Shot Blocked by Brock McGinn.
4:55 of 2nd period - Snap shot by Niclas Bergfors.
4:55 of 2nd period - Shot Misses the Net.
5:32 of 2nd period - Minor Penalty to Blake Heinrich for Tripping.
5:33 of 2nd period - Brayden Schenn wins face-off versus Jordan Nolan in Flyers zone.
5:37 of 2nd period - Slapshot by Vladimir Tarasenko.
5:37 of 2nd period - Goal by Vladimir Tarasenko - Islanders : 1 - Flyers : 2.
5:38 of 2nd period - Jordan Nolan wins face-off versus Brayden Schenn in neutral zone.
6:31 of 2nd period - Off-side.
6:32 of 2nd period - Anze Kopitar wins face-off versus Calle Jarnkrok in neutral zone.
6:45 of 2nd period - Snap shot by Anze Kopitar.
6:45 of 2nd period - Goal by Anze Kopitar - Islanders : 2 - Flyers : 2.
6:46 of 2nd period - Jordan Nolan wins face-off versus Anze Kopitar in neutral zone.
6:51 of 2nd period - Snap shot by Jordan Nolan.
6:51 of 2nd period - Shot Misses the Net.
6:53 of 2nd period - Snap shot by Jordan Nolan.
6:53 of 2nd period - Shot Blocked by Yann Sauvé.
6:55 of 2nd period - Wrist shot by Jordan Nolan.
6:55 of 2nd period - Stopped by Tyler Weiman with a rebound.
6:57 of 2nd period - Slapshot by Nathan Beaulieu.
6:57 of 2nd period - Shot Misses the Net.
6:59 of 2nd period - Snap shot by Nick Ritchie.
6:59 of 2nd period - Shot Blocked by Ryan Ellis.
7:01 of 2nd period - Slapshot by Jacob Trouba.
7:01 of 2nd period - Stopped by Tyler Weiman with a rebound.
7:03 of 2nd period - Wrist shot by Jordan Nolan.
7:03 of 2nd period - Stopped by Tyler Weiman without a rebound.
7:04 of 2nd period - Brayden Schenn wins face-off versus Jeff Carter in Islanders zone.
7:09 of 2nd period - Wrist shot by Kellan Lain.
7:09 of 2nd period - Stopped by Steve Mason without a rebound.
7:10 of 2nd period - Jeff Carter wins face-off versus Brayden Schenn in Flyers zone.
7:45 of 2nd period - Yann Sauvé is hit by Nick Ritchie and loses puck.
8:10 of 2nd period - Snap shot by Niclas Bergfors.
8:10 of 2nd period - Stopped by Tyler Weiman without a rebound.
8:11 of 2nd period - Jeff Carter wins face-off versus Brayden Schenn in Islanders zone.
8:48 of 2nd period - Slapshot by Michael Latta.
8:48 of 2nd period - Shot Misses the Net.
10:23 of 2nd period - Off-side.
10:24 of 2nd period - Brayden Schenn wins face-off versus Calle Jarnkrok in neutral zone.
10:31 of 2nd period - Snap shot by Vladimir Tarasenko.
10:31 of 2nd period - Stopped by Steve Mason without a rebound.
10:32 of 2nd period - Jordan Nolan wins face-off versus Brayden Schenn in Flyers zone.
10:36 of 2nd period - Off-side.
10:37 of 2nd period - Brayden Schenn wins face-off versus Jordan Nolan in neutral zone.
11:07 of 2nd period - Wrist shot by Jordan Nolan.
11:07 of 2nd period - Shot Misses the Net.
11:09 of 2nd period - Snap shot by Jacob Trouba.
11:09 of 2nd period - Deflect By Yann Sauvé.
11:09 of 2nd period - Stopped by Tyler Weiman with a rebound.
11:11 of 2nd period - Slapshot by Nathan Beaulieu.
11:11 of 2nd period - Stopped by Tyler Weiman without a rebound.
11:12 of 2nd period - Anze Kopitar wins face-off versus Jeff Carter in Islanders zone.
11:23 of 2nd period - Jeff Carter is hit by Anze Kopitar and loses puck.
11:28 of 2nd period - Wrist shot by Jason Akeson.
11:28 of 2nd period - Shot Misses the Net.
11:38 of 2nd period - Ivan Provorov is hit by Garnet Hathaway and loses puck.
11:59 of 2nd period - Snap shot by Melker Karlsson.
11:59 of 2nd period - Stopped by Steve Mason without a rebound.
12:00 of 2nd period - Melker Karlsson wins face-off versus Travis Konecny in Flyers zone.
12:47 of 2nd period - Slapshot by Brock Nelson.
12:47 of 2nd period - Shot Blocked by Brayden McNabb.
12:59 of 2nd period - Slapshot by Nikita Zadorov.
12:59 of 2nd period - Goal by Nikita Zadorov - Islanders : 3 - Flyers : 2.
13:00 of 2nd period - Jordan Nolan wins face-off versus Brayden Schenn in neutral zone.
13:28 of 2nd period - Minor Penalty to Ryan Ellis for Tripping.
13:29 of 2nd period - Jordan Nolan wins face-off versus Brayden Schenn in Islanders zone.
13:38 of 2nd period - Wrist shot by Jordan Nolan.
13:38 of 2nd period - Deflect By Kellan Lain.
13:38 of 2nd period - Stopped by Tyler Weiman without a rebound.
13:39 of 2nd period - Brayden Schenn wins face-off versus Jordan Nolan in Islanders zone.
15:28 of 2nd period - Penalty to Ryan Ellis is over, Ryan Ellis is back on ice.
15:53 of 2nd period - Slapshot by Melker Karlsson.
15:53 of 2nd period - Stopped by Steve Mason without a rebound.
15:54 of 2nd period - Travis Zajac wins face-off versus Melker Karlsson in Flyers zone.
15:54 of 2nd period - Travis Zajac is hit by Dylan McIlrath.
16:11 of 2nd period - Blake Heinrich is hit by Dylan McIlrath and loses puck.
16:24 of 2nd period - Off-side.
16:25 of 2nd period - Brayden Schenn wins face-off versus Jordan Nolan in neutral zone.
16:39 of 2nd period - Nathan Beaulieu is hit by Vladimir Tarasenko and loses puck.
16:51 of 2nd period - Icing by Jakub Voracek.
16:52 of 2nd period - Max Pacioretty wins face-off versus Anze Kopitar in Flyers zone.
16:57 of 2nd period - Slapshot by Jacob Trouba.
16:57 of 2nd period - Shot Blocked by Yann Sauvé.
17:05 of 2nd period - Wrist shot by Brock McGinn.
17:05 of 2nd period - Stopped by Steve Mason without a rebound.
17:06 of 2nd period - Vladimir Tarasenko wins face-off versus Jordan Nolan in Flyers zone.
17:35 of 2nd period - Slapshot by Ivan Provorov.
17:35 of 2nd period - Deflect By Max Pacioretty.
17:35 of 2nd period - Shot Misses the Net.
17:35 of 2nd period - Puck is out of play.
17:36 of 2nd period - Jeff Carter wins face-off versus Anze Kopitar in Islanders zone.
17:44 of 2nd period - Slapshot by Nikita Zadorov.
17:44 of 2nd period - Deflect By Jeff Carter.
17:44 of 2nd period - Stopped by Steve Mason without a rebound.
17:45 of 2nd period - Jordan Nolan wins face-off versus Brayden Schenn in Flyers zone.
18:33 of 2nd period - Icing by Brayden McNabb.
18:34 of 2nd period - Calle Jarnkrok wins face-off versus Anze Kopitar in Islanders zone.
19:05 of 2nd period - Slapshot by Brayden McNabb.
19:05 of 2nd period - Shot Misses the Net.
19:07 of 2nd period - Wrist shot by Nikita Zadorov.
19:07 of 2nd period - Stopped by Steve Mason with a rebound.
19:09 of 2nd period - Wrist shot by Brayden Schenn.
19:09 of 2nd period - Shot Misses the Net.
19:11 of 2nd period - Slapshot by Brayden McNabb.
19:11 of 2nd period - Stopped by Steve Mason with a rebound.
19:21 of 2nd period - Slapshot by Ryan Ellis.
19:21 of 2nd period - Shot Blocked by Ivan Provorov.
19:23 of 2nd period - Slapshot by Michael Latta.
19:23 of 2nd period - Deflect By Garnet Hathaway.
19:23 of 2nd period - Stopped by Steve Mason without a rebound.
19:24 of 2nd period - Calle Jarnkrok wins face-off versus Michael Latta in Flyers zone.
19:24 of 2nd period - Nathan Beaulieu is hit by Garnet Hathaway and loses puck.
19:30 of 2nd period - Minor Penalty to Ryan Ellis for Tripping.
19:31 of 2nd period - Jordan Nolan wins face-off versus Brayden Schenn in Islanders zone.
19:58 of 2nd period - Snap shot by Max Pacioretty.
19:58 of 2nd period - Stopped by Tyler Weiman without a rebound.
19:59 of 2nd period - Anze Kopitar wins face-off versus Jeff Carter in Islanders zone.
Goals for this period are 3 for Islanders vs 0 for Flyers.
Shots for this period are 12 for Islanders vs 10 for Flyers.
3rd period
0:01 of 3rd period - Jordan Nolan wins face-off versus Kellan Lain in neutral zone.
0:03 of 3rd period - Off-side.
0:04 of 3rd period - Jordan Nolan wins face-off versus Brayden Schenn in neutral zone.
0:15 of 3rd period - Snap shot by Nick Ritchie.
0:15 of 3rd period - Shot Misses the Net.
0:17 of 3rd period - Snap shot by Jordan Nolan.
0:17 of 3rd period - Stopped by Tyler Weiman with a rebound.
0:19 of 3rd period - Slapshot by Jacob Trouba.
0:19 of 3rd period - Shot Blocked by Brayden McNabb.
0:21 of 3rd period - Snap shot by Jordan Nolan.
0:21 of 3rd period - Stopped by Tyler Weiman without a rebound.
0:22 of 3rd period - Jeff Carter wins face-off versus Brayden Schenn in Islanders zone.
0:39 of 3rd period - Wrist shot by Jeff Carter.
0:39 of 3rd period - Stopped by Tyler Weiman with a rebound.
1:30 of 3rd period - Penalty to Ryan Ellis is over, Ryan Ellis is back on ice.
1:36 of 3rd period - Wrist shot by Jordan Nolan.
1:36 of 3rd period - Stopped by Tyler Weiman without a rebound.
1:37 of 3rd period - Jeff Carter wins face-off versus Michael Latta in Islanders zone.
1:46 of 3rd period - Snap shot by Kasperi Kapanen.
1:46 of 3rd period - Deflect By Jeff Carter.
1:46 of 3rd period - Shot Misses the Net.
1:46 of 3rd period - Puck is out of play.
1:47 of 3rd period - Michael Latta wins face-off versus Jeff Carter in Islanders zone.
1:52 of 3rd period - Snap shot by Emerson Etem.
1:52 of 3rd period - Stopped by Steve Mason with a rebound.
1:54 of 3rd period - Wrist shot by Garnet Hathaway.
1:54 of 3rd period - Stopped by Steve Mason without a rebound.
1:55 of 3rd period - Brayden Schenn wins face-off versus Jeff Carter in Flyers zone.
2:33 of 3rd period - Anze Kopitar is hit by Nick Ritchie and loses puck.
2:56 of 3rd period - Calle Jarnkrok is hit by Garnet Hathaway and loses puck.
3:30 of 3rd period - Jordan Nolan is hit by Ryan Ellis and loses puck.
4:14 of 3rd period - Emerson Etem is hit by Jeff Carter and loses puck.
4:53 of 3rd period - Slapshot by Nick Ritchie.
4:53 of 3rd period - Stopped by Tyler Weiman with a rebound.
4:55 of 3rd period - Snap shot by Jordan Nolan.
4:55 of 3rd period - Deflect By Brayden Schenn.
4:55 of 3rd period - Shot Blocked by Vladimir Tarasenko.
4:55 of 3rd period - Puck is out of play.
4:56 of 3rd period - Jordan Nolan wins face-off versus Anze Kopitar in Islanders zone.
5:07 of 3rd period - Slapshot by Nick Ritchie.
5:07 of 3rd period - Stopped by Tyler Weiman without a rebound.
5:08 of 3rd period - Anze Kopitar wins face-off versus Jordan Nolan in Islanders zone.
5:35 of 3rd period - Jeff Carter is hit by Brayden McNabb and loses puck.
5:46 of 3rd period - Snap shot by Vladimir Tarasenko.
5:46 of 3rd period - Shot Misses the Net.
6:02 of 3rd period - Wrist shot by Emerson Etem.
6:02 of 3rd period - Deflect By Michael Latta.
6:02 of 3rd period - Shot Misses the Net.
6:02 of 3rd period - Puck is out of play.
6:03 of 3rd period - Jordan Nolan wins face-off versus Anze Kopitar in Flyers zone.
6:03 of 3rd period - Jordan Nolan is hit by Jason Akeson.
6:06 of 3rd period - Jakub Voracek is hit by Brock McGinn.
6:18 of 3rd period - Slapshot by Brock McGinn.
6:18 of 3rd period - Stopped by Steve Mason without a rebound.
6:19 of 3rd period - Jeff Carter wins face-off versus Brayden Schenn in Flyers zone.
6:19 of 3rd period - Jeff Carter is hit by Brayden Schenn.
6:29 of 3rd period - Snap shot by Brayden Schenn.
6:29 of 3rd period - Deflect By Vladimir Tarasenko.
6:29 of 3rd period - Shot Blocked by Blake Heinrich.
6:29 of 3rd period - Puck is out of play.
6:30 of 3rd period - Jordan Nolan wins face-off versus Brayden Schenn in Flyers zone.
7:20 of 3rd period - Snap shot by Jakub Voracek.
7:20 of 3rd period - Stopped by Tyler Weiman without a rebound.
7:21 of 3rd period - Jeff Carter wins face-off versus Anze Kopitar in Islanders zone.
7:31 of 3rd period - Off-side.
7:32 of 3rd period - Jeff Carter wins face-off versus Brayden Schenn in neutral zone.
8:33 of 3rd period - Snap shot by Vladimir Tarasenko.
8:33 of 3rd period - Stopped by Steve Mason with a rebound.
8:35 of 3rd period - Wrist shot by Brayden Schenn.
8:35 of 3rd period - Goal by Brayden Schenn - Islanders : 4 - Flyers : 2.
8:36 of 3rd period - Jordan Nolan wins face-off versus Anze Kopitar in neutral zone.
8:50 of 3rd period - Off-side.
8:51 of 3rd period - Jeff Carter wins face-off versus Michael Latta in neutral zone.
9:17 of 3rd period - Jordan Nolan is hit by Brock McGinn.
11:48 of 3rd period - Ryan Ellis is hit by Nick Ritchie and loses puck.
12:03 of 3rd period - Minor Penalty to Michael Latta for Holding.
12:04 of 3rd period - Brayden Schenn wins face-off versus Jordan Nolan in Islanders zone.
12:17 of 3rd period - Snap shot by Nick Ritchie.
12:17 of 3rd period - Shot Misses the Net.
12:19 of 3rd period - Slapshot by Ivan Provorov.
12:19 of 3rd period - Stopped by Tyler Weiman with a rebound.
12:21 of 3rd period - Slapshot by Ivan Provorov.
12:21 of 3rd period - Stopped by Tyler Weiman without a rebound.
12:22 of 3rd period - Jeff Carter wins face-off versus Kellan Lain in Islanders zone.
12:49 of 3rd period - Anze Kopitar is hit by Jordan Nolan and loses puck.
13:52 of 3rd period - Nathan Beaulieu is hit by Brock McGinn and loses puck.
14:03 of 3rd period - Penalty to Michael Latta is over, Michael Latta is back on ice.
14:05 of 3rd period - Michael Latta is hit by Max Pacioretty.
14:21 of 3rd period - Wrist shot by Melker Karlsson.
14:21 of 3rd period - Shot Misses the Net.
14:47 of 3rd period - Wrist shot by Niclas Bergfors.
14:47 of 3rd period - Stopped by Tyler Weiman without a rebound.
14:48 of 3rd period - Jakub Voracek wins face-off versus Emerson Etem in Islanders zone.
14:53 of 3rd period - Wrist shot by Jakub Voracek.
14:53 of 3rd period - Shot Blocked by Nikita Zadorov.
14:55 of 3rd period - Snap shot by Jakub Voracek.
14:55 of 3rd period - Shot Misses the Net.
14:57 of 3rd period - Snap shot by Nick Ritchie.
14:57 of 3rd period - Shot Misses the Net.
14:59 of 3rd period - Slapshot by Ivan Provorov.
14:59 of 3rd period - Shot Misses the Net.
15:03 of 3rd period - Slapshot by Jordan Nolan.
15:03 of 3rd period - Stopped by Tyler Weiman with a rebound.
15:05 of 3rd period - Slapshot by Ivan Provorov.
15:05 of 3rd period - Deflect By Jordan Nolan.
15:05 of 3rd period - Shot Misses the Net.
15:05 of 3rd period - Puck is out of play.
15:06 of 3rd period - Jeff Carter wins face-off versus Brayden Schenn in Islanders zone.
15:44 of 3rd period - Wrist shot by Michael Latta.
15:44 of 3rd period - Stopped by Steve Mason without a rebound.
15:45 of 3rd period - Brock McGinn wins face-off versus Calle Jarnkrok in Flyers zone.
15:51 of 3rd period - Minor Penalty to Brock McGinn for Hooking.
15:52 of 3rd period - Jordan Nolan wins face-off versus Brayden Schenn in Islanders zone.
17:36 of 3rd period - Jakub Voracek is hit by Sergei Plotnikov and loses puck.
17:51 of 3rd period - Penalty to Brock McGinn is over, Brock McGinn is back on ice.
17:52 of 3rd period - Icing by Nikita Zadorov.
17:53 of 3rd period - Sergei Plotnikov wins face-off versus Jeff Carter in Islanders zone.
17:58 of 3rd period - Jeff Carter is hit by Anze Kopitar and loses puck.
18:16 of 3rd period - Snap shot by Nathan Beaulieu.
18:16 of 3rd period - Shot Misses the Net.
18:18 of 3rd period - Snap shot by Niclas Bergfors.
18:18 of 3rd period - Shot Misses the Net.
18:20 of 3rd period - Wrist shot by Nathan Beaulieu.
18:20 of 3rd period - Deflect By Yann Sauvé.
18:20 of 3rd period - Stopped by Tyler Weiman without a rebound.
18:21 of 3rd period - Jeff Carter wins face-off versus Melker Karlsson in Islanders zone.
18:22 of 3rd period - Snap shot by Kasperi Kapanen.
18:22 of 3rd period - Shot Misses the Net.
18:50 of 3rd period - Backhand shot by Melker Karlsson.
18:50 of 3rd period - Shot Blocked by Calle Jarnkrok.
18:52 of 3rd period - Snap shot by James Livingstone.
18:52 of 3rd period - Stopped by Steve Mason with a rebound.
18:54 of 3rd period - Slapshot by Nikita Zadorov.
18:54 of 3rd period - Shot Blocked by Brian Lashoff.
19:20 of 3rd period - Snap shot by Sergei Plotnikov.
19:20 of 3rd period - Stopped by Steve Mason with a rebound.
19:26 of 3rd period - Wrist shot by Sergei Plotnikov.
19:26 of 3rd period - Shot Misses the Net.
19:28 of 3rd period - Slapshot by Sergei Plotnikov.
19:28 of 3rd period - Shot Blocked by Ivan Provorov.
19:36 of 3rd period - Snap shot by Sergei Plotnikov.
19:36 of 3rd period - Stopped by Steve Mason with a rebound.
19:38 of 3rd period - Wrist shot by James Livingstone.
19:38 of 3rd period - Shot Blocked by Calle Jarnkrok.
19:40 of 3rd period - Slapshot by Ryan Ellis.
19:40 of 3rd period - Stopped by Steve Mason without a rebound.
19:41 of 3rd period - Jeff Carter wins face-off versus Michael Latta in Flyers zone.
19:56 of 3rd period - Wrist shot by Michael Latta.
19:56 of 3rd period - Stopped by Steve Mason without a rebound.
19:57 of 3rd period - Jeff Carter wins face-off versus Anze Kopitar in Flyers zone.
Goals for this period are 1 for Islanders vs 0 for Flyers.
Shots for this period are 11 for Islanders vs 12 for Flyers.